AoeStats
← 珍珠嘉都

Arena

508239984Analyzed
4v4 RM · 11d ago on Sep 21, 2026· 66m 57s· 8 players
Game mode
Random Map
Map size
Large (8 player)
Population
200
Speed
Normal
Resources
Standard
Victory
Conquest
Starting age
Dark Age
Ending age
Imperial Age
RankedLock teamsTeams togetherTeam positionsShared explorationLock speedFull tech treeHidden civsTurbo modeCheats
Victory
Defeat
🇦🇷 Britons · Argentina
775
+13
🇺🇸 Japanese · United States
737
+15
🇷🇺 Persians · Russia
702
+16
🇮🇹 Goths · Italy
699
+17
🇳🇱 Portuguese · Netherlands
784
-17
723
-16
🇧🇷 Chinese · Brazil
680
-14
🇹🇼 Britons · Taiwan
676
-14
Dr_foul
13:13 Feudal Age
16:40 Gold Mining
23:14 Wheelbarrow
23:16 Stone Mining
26:45 Castle Age
25:12 Horse Collar
26:04 Scale Mail Armor
27:41 Fletching
28:22 Squires
28:20 Bodkin Arrow
29:57 Forging
29:39 Town Watch
31:17 Caravan
31:41 Yasama
32:27 Heavy Plow
33:56 Gold Shaft Mining
33:53 Treadmill Crane
35:49 Hand Cart
35:37 Town Patrol
45:08 Imperial Age
43:30 Chain Mail Armor
43:51 Iron Casting
46:41 Conscription
47:00 Elite Samurai
49:13 Plate Mail Armor
49:43 Blast Furnace
54:34 Fortified Wall
54:22 Murder Holes
54:34 Siege Engineers
54:40 Masonry
55:31 Chemistry
58:43 Kataparuto
60:54 Hoardings
VET
11:48 Feudal Age
12:18 Double-Bit Axe
13:13 Wheelbarrow
12:21 Horse Collar
14:36 Gold Mining
14:36 Stone Mining
19:57 Castle Age
20:36 Bow Saw
21:08 Stone Shaft Mining
22:41 Heavy Plow
25:01 Hand Cart
27:16 Kamandaran
28:48 Ballistics
30:36 Thumb Ring
29:54 Crossbowman
31:21 Fletching
31:31 Padded Archer Armor
36:52 Gold Shaft Mining
36:54 Bodkin Arrow
37:15 Leather Archer Armor
41:04 Imperial Age
41:56 Crop Rotation
42:29 Two-Man Saw
42:04 Ring Archer Armor
42:50 Caravan
43:00 Guilds
43:22 Coinage
43:44 Forging
43:40 Scale Barding Armor
43:59 Conscription
44:16 Hoardings
44:01 Elite War Elephant
45:50 Murder Holes
46:56 Chemistry
46:13 Town Watch
48:42 Bloodlines
48:34 Husbandry
50:41 Iron Casting
50:27 Chain Barding Armor
50:41 Banking
53:07 Plate Barding Armor
54:25 Scale Mail Armor
59:04 Masonry
58:45 Heated Shot
59:57 Blast Furnace
59:13 Chain Mail Armor
67:26 Plate Mail Armor
66:58 Town Patrol
66:44 Loom
66:25 Light Cavalry
66:26 Cavalier
66:28 Heavy Camel Rider
67:11 Devotion
67:46 Theocracy
67:07 Herbal Medicine
67:27 Block Printing
67:23 Fervor
psycho93
0:28 Loom
13:21 Feudal Age
15:37 Gold Mining
15:30 Horse Collar
15:39 Double-Bit Axe
16:34 Wheelbarrow
17:30 Stone Mining
22:45 Castle Age
20:41 Man-at-Arms
21:37 Forging
21:29 Scale Mail Armor
22:59 Fletching
24:48 Bow Saw
24:42 Heavy Plow
25:51 Stone Shaft Mining
27:58 Hand Cart
29:11 Town Watch
30:04 Pikeman
30:44 Squires
35:17 Imperial Age
33:52 Anarchy
34:53 Iron Casting
34:34 Chain Mail Armor
36:16 Perfusion
36:40 Conscription
38:42 Chemistry
38:07 Ballistics
38:51 Two-Man Saw
37:53 Long Swordsman
38:41 Two-Handed Swordsman
39:27 Elite Huskarl
41:12 Blast Furnace
40:35 Caravan
41:52 Crop Rotation
51:46 Heavy Scorpion
56:46 Town Patrol
56:10 Halberdier
56:11 Champion
56:49 Bodkin Arrow
56:54 Padded Archer Armor
62:32 Bracer
62:47 Leather Archer Armor
62:38 Scale Barding Armor
63:28 Coinage
63:10 Guilds
63:14 Masonry
62:55 Heated Shot
Gonna
10:57 Feudal Age
11:26 Double-Bit Axe
11:24 Horse Collar
15:01 Fletching
17:05 Wheelbarrow
21:32 Castle Age
20:10 Gold Mining
21:12 Stone Mining
22:35 Bow Saw
22:28 Heavy Plow
21:51 Crossbowman
23:11 Bodkin Arrow
25:15 Gold Shaft Mining
24:43 Padded Archer Armor
27:17 Treadmill Crane
27:34 Murder Holes
29:33 Pikeman
30:14 Squires
29:59 Gambesons
33:37 Imperial Age
31:55 Loom
31:58 Town Watch
34:19 Leather Archer Armor
34:23 Hand Cart
34:20 Bracer
35:00 Ballistics
34:06 Elite Skirmisher
35:40 Masonry
36:29 Forging
37:54 Ring Archer Armor
37:25 Scale Mail Armor
39:03 Arbalester
40:02 Warwolf
40:52 Iron Casting
40:33 Chain Mail Armor
43:15 Chemistry
43:39 Blast Furnace
44:07 Architecture
45:15 Town Patrol
45:35 Halberdier
50:39 Siege Engineers
51:36 Two-Man Saw
50:24 Elite Longbowman
54:43 Blast Furnace
54:13 Plate Mail Armor
61:08 Yeomen
60:09 Elite Longbowman
61:24 Hoardings
Catholic King ArmandoNL
3:00 Loom
12:14 Feudal Age
13:00 Horse Collar
13:06 Double-Bit Axe
23:13 Castle Age
20:54 Man-at-Arms
23:58 Heavy Plow
24:09 Bow Saw
23:50 Gold Mining
23:51 Stone Mining
25:23 Elite Skirmisher
28:23 Wheelbarrow
28:31 Town Watch
29:47 Pikeman
30:13 Gambesons
31:28 Hand Cart
31:48 Ballistics
32:20 Fortified Wall
37:54 Imperial Age
37:15 Sanctity
37:06 Fervor
38:07 Scale Barding Armor
38:02 Scale Mail Armor
38:03 Padded Archer Armor
37:53 Fletching
38:13 Forging
38:06 Town Patrol
38:23 Masonry
38:09 Murder Holes
37:55 Treadmill Crane
38:23 Thumb Ring
37:39 Crossbowman
38:34 Bloodlines
37:44 Light Cavalry
38:26 Husbandry
37:55 Long Swordsman
38:21 Arson
38:47 Capped Ram
40:35 Chemistry
41:22 Two-Man Saw
40:47 Chain Barding Armor
40:45 Chain Mail Armor
43:05 Onager
44:58 Plate Barding Armor
44:39 Leather Archer Armor
44:55 Plate Mail Armor
44:21 Bodkin Arrow
45:01 Iron Casting
44:16 Two-Handed Swordsman
44:59 Cavalier
46:06 Conscription
45:55 Arbalester
46:13 Sappers
47:41 Block Printing
48:03 Theocracy
47:23 Halberdier
50:48 Architecture
51:06 Ring Archer Armor
50:37 Bracer
51:37 Blast Furnace
50:00 Elite Organ Gun
50:46 Arquebus
51:22 Champion
53:01 Siege Engineers
珍珠嘉都
0:29 Loom
10:57 Feudal Age
16:00 Castle Age
14:50 Fletching
15:00 Double-Bit Axe
15:52 Stone Mining
21:31 Bow Saw
25:07 Gold Mining
26:51 Horse Collar
28:14 Bodkin Arrow
29:04 Yeomen
30:38 Gold Shaft Mining
34:00 Imperial Age
32:56 Padded Archer Armor
32:56 Murder Holes
34:11 Ballistics
34:40 Leather Archer Armor
34:55 Guilds
35:15 Coinage
34:46 Caravan
34:52 Heavy Plow
35:54 Two-Man Saw
35:42 Wheelbarrow
34:52 Town Watch
36:48 Chemistry
36:30 Conscription
36:48 Bracer
37:18 Ring Archer Armor
39:11 Warwolf
38:35 Elite Longbowman
39:55 Warwolf
43:04 Ring Archer Armor
42:43 Siege Engineers
42:59 Hand Cart
42:44 Town Patrol
45:40 Banking
45:32 Forging
45:22 Scale Mail Armor
47:36 Pikeman
47:47 Man-at-Arms
48:14 Long Swordsman
48:41 Gambesons
48:44 Arson
49:44 Iron Casting
49:25 Chain Mail Armor
49:33 Two-Handed Swordsman
50:16 Squires
52:04 Blast Furnace
51:34 Plate Mail Armor
50:32 Champion
51:15 Squires
53:03 Squires
打到你媽媽認不得你
10:50 Feudal Age
17:15 Castle Age
16:50 Double-Bit Axe
16:48 Horse Collar
17:46 Man-at-Arms
18:12 Gambesons
19:33 Stone Mining
20:21 Forging
20:12 Scale Mail Armor
25:46 Loom
30:27 Imperial Age
28:36 Gold Mining
29:36 Bow Saw
29:27 Heavy Plow
31:41 Wheelbarrow
32:43 Scale Mail Armor
38:46 Hand Cart
42:54 Town Watch
43:25 Elite Samurai
45:41 Iron Casting
45:21 Chain Mail Armor
44:56 Cavalier
45:37 Husbandry
45:46 Scale Barding Armor
46:34 Gold Shaft Mining
47:01 Two-Man Saw
46:21 Elite Skirmisher
48:28 Chemistry
47:49 Ballistics
47:04 Long Swordsman
47:37 Fletching
47:47 Padded Archer Armor
48:48 Blast Furnace
48:18 Plate Mail Armor
48:08 Chain Barding Armor
48:13 Two-Handed Swordsman
49:20 Champion
NoobForever
0:32 Loom
11:21 Feudal Age
21:35 Castle Age
23:18 Thumb Ring
26:13 Wheelbarrow
27:09 Squires
26:54 Arson
28:56 Double-Bit Axe
28:53 Horse Collar
29:06 Gold Mining
29:06 Stone Mining
30:19 Bow Saw
30:14 Heavy Plow
30:59 Gold Shaft Mining
31:00 Stone Shaft Mining
31:08 Stone Shaft Mining
30:49 Fletching
31:03 Padded Archer Armor
32:51 Hand Cart
32:30 Town Watch
34:50 Bodkin Arrow
35:29 Leather Archer Armor
35:38 Caravan
36:50 Murder Holes
37:42 Crossbowman
37:45 Elite Skirmisher
38:17 Arson
38:14 Man-at-Arms
39:47 Forging
39:37 Scale Mail Armor
39:51 Scale Mail Armor
39:42 Pikeman
42:12 Ballistics
42:03 Masonry
42:07 Fortified Wall
41:49 Guard Tower
41:47 Long Swordsman
46:21 Chain Mail Armor
47:02 Town Patrol
Connection lost

Rejoining the realm…

Still unreachable

The connection could not be restored.

Session expired

The server has moved on; the page needs a fresh start.